 Dungeon Crawl Stone Soup version 0.29-a0-418-gc0181ea820 (webtiles) character file.

Game seed: 16749344684660408591

53 hquester the Shooter (level 3, -1/18 HPs)
             Began as a Spriggan Hunter on May 17, 2022.
             Killed from afar by Sigmund (7 damage)
             ... with a puff of flame
             ... on level 2 of the Dungeon.
             The game lasted 00:06:07 (1259 turns).

hquester the Shooter (Spriggan Hunter)              Turns: 1259, Time: 00:06:08

Health: -1/18      AC:  2    Str:  7    XL:     3   Next: 64%
Magic:  4/4        EV: 19    Int: 10    God:
Gold:   88         SH:  0    Dex: 20    Spells: 2/2 levels left

rFire   . . .      SeeInvis +   a - +1 shortbow
rCold   . . .      Faith    .   (shield currently unavailable)
rNeg    . . .      Spirit   .   b - +0 robe
rPois   .          Reflect  .   (helmet restricted)
rElec   .          Harm     .   (no cloak)
rCorr   .          Rampage  .   (gloves unavailable)
Will    .....                   (boots unavailable)
Stlth   +++.......              (no amulet)
HPRegen 0.06/turn               (no ring)
MPRegen 0.09/turn               (no ring)

@: very quick
A: very small, no large weapons, unfitting armour, see invisible, speed 3
a: no special abilities


You were on level 2 of the Dungeon.
You visited 1 branch of the dungeon, and saw 2 of its levels.

You collected 88 gold pieces.

Inventory:

Hand Weapons
 a - a +1 shortbow (weapon)
Armour
 b - a +0 robe (worn)
Jewellery
 i - an amulet of guardian spirit
Scrolls
 c - a scroll of immolation
 e - 2 scrolls of identify {unknown}
 g - a scroll of fear {unknown}
 j - a scroll of blinking {unknown}
Potions
 d - a potion of brilliance {unknown}
 f - a potion of curing {unknown}
 h - a potion of haste {unknown}


   Skills:
 + Level 2.1 Fighting
 + Level 5.3 Bows
 + Level 3.6 Dodging
 + Level 3.0 Stealth


You had 2 spell levels left.
You didn't know any spells.
Your spell library contained the following spells:

 Spells                   Type           Power      Damage    Failure   Level
 Inner Flame              Hex/Fire       0%         N/A       75%         3
 Cause Fear               Hex            0%         N/A       98%         4
 Discord                  Hex            0%         N/A       100%        8


Dungeon Overview and Level Annotations

Branches:
Dungeon (2/15)

Altars:

Annotations:
D:2 Sigmund


Innate Abilities, Weirdness & Mutations

You are very small and have problems with some larger weapons.
You are too small for most types of armour.
You have supernaturally acute eyesight. (SInv)
You cover ground extremely quickly. (Speed+++)


Message History

Aim: Sigmund, wielding a +0 scythe and wearing a +1 robe of willpower (wandering, hasn't noticed you, 63% to hit)
You shoot an arrow.
Sigmund shouts!
The arrow hits Sigmund.
Sigmund is lightly wounded.
Shoot: a) +1 shortbow
Press: ? - help, Q - select action Shift-Dir - straight line, f/p - Sigmund
Aim: Sigmund, wielding a +0 scythe and wearing a +1 robe of willpower (lightly wounded, 63% to hit)
You shoot an arrow.
The arrow hits Sigmund but does no damage.
Sigmund is lightly wounded.
Shoot: a) +1 shortbow
Press: ? - help, Q - select action Shift-Dir - straight line, f/p - Sigmund
Aim: Sigmund, wielding a +0 scythe and wearing a +1 robe of willpower (lightly wounded, 63% to hit)
You shoot an arrow. The arrow hits Sigmund.
Sigmund is moderately wounded.
Sigmund casts a spell at you. The magic dart hits you.
Shoot: a) +1 shortbow
Press: ? - help, Q - select action Shift-Dir - straight line, f/p - Sigmund
Aim: Sigmund, wielding a +0 scythe and wearing a +1 robe of willpower (moderately wounded, 63% to hit)
You shoot an arrow. The arrow hits Sigmund.
Sigmund is heavily wounded.
Shoot: a) +1 shortbow
Press: ? - help, Q - select action Shift-Dir - straight line, f/p - Sigmund
Aim: Sigmund, wielding a +0 scythe and wearing a +1 robe of willpower (heavily wounded, 63% to hit)
You shoot an arrow. The arrow hits Sigmund!
Sigmund is almost dead.
Sigmund points at you and mumbles some strange words.
The puff of flame hits you!
There is a stone staircase leading up here.
Shoot: a) +1 shortbow
Press: ? - help, Q - select action Shift-Dir - straight line, f/p - Sigmund
Aim: Sigmund, wielding a +0 scythe and wearing a +1 robe of willpower (almost dead, 63% to hit)
You shoot an arrow.
The arrow hits Sigmund but does no damage.
Sigmund is almost dead.
Sigmund gestures at you while chanting. The puff of flame hits you!
You die...

## ###..##.### ... #.## >###
#...###...# ##.########.## ...###
#.### ###.# #..##......... ##<..#
#.# ##.###@.#..#####.##
..##.###.### #)........###.....†
#..#.......# #..#...######.##.##
##.####.##.# ##....######...##.##
#.## #.##.###.....# ##...####[.[
#..###.##.##...@.## #..####.).##
###.##..##.##....#####.## ##.#.##
.##..#.###.............####..#.##
..##...##..÷...#.........)..##...
#.....##..........########..##.##
###........#.####.# #.....##.##
###........#.# #.# #.###.##.##
#...#..###...####.# #.# #....##
..#....###.)......#####.# ###....


You could see Sigmund.

Vanquished Creatures
  An adder (D:2)
  2 worms (D:2)
  2 dart slugs (D:1)
  2 endoplasms
  A goblin (D:2)
  5 hobgoblins
  4 ball pythons (D:1)
  8 bats
  A frilled lizard (D:1)
  4 kobolds
  6 rats
36 creatures vanquished.

Notes
Turn   | Place    | Note
-------+----------+-------------------------------------------
     0 | D:1      | hquester the Spriggan Hunter began the quest for the Orb.
     0 | D:1      | Reached XP level 1. HP: 10/10 MP: 2/2
   102 | D:1      | Found a faded altar of an unknown god.
   162 | D:1      | Reached skill level 5 in Bows
   162 | D:1      | Reached XP level 2. HP: 15/15 MP: 3/3
   803 | D:2      | Reached XP level 3. HP: 18/18 MP: 4/4
  1248 | D:2      | Noticed Sigmund
  1259 | D:2      | Killed from afar by Sigmund

Illustrated notes

Levels and vault maps discovered:
D:1:      heliophobic_arrival_dark_side_of_the_moon, layout_loops_ring,
          shapermc_ecumenical_altar_starsandcircs
D:2:      layout_rooms, minmay_diced_spiral, uniq_sigmund

Skill      XL: |  1  2  3 |
---------------+----------+-----
Stealth        | 2 3 |  3.0
Bows           | 5 |  5.3
Dodging        | 3 |  3.6
Fighting       | 2 |  2.1

Action                   || total
-------------------------++-------
 Fire: Shortbow          ||    83
Dodge: Dodged            ||     7

Table legend: (Time is in decaauts)
 A = Elapsed time spent in this place.
 B = Non-inter-level travel time spent in this place.
 C = Inter-level travel time spent in this place.
 D = Time resting spent in this place.
 E = Time spent auto-exploring this place.
 F = Levels seen in this place.
 G = Mean time per level.
                   A        B        C        D        E       F      G
               +--------+--------+--------+--------+--------+-----+--------+
         Total |    820 |    785 |     35 |      0 |    586 |   2 |  410.0 |
       Dungeon |    820 |    785 |     35 |      0 |    586 |   2 |  410.0 |
               +--------+--------+--------+--------+--------+-----+--------+

Top non-repeatable levels by time:
     D:1: 494 daAuts
     D:2: 326 daAuts
